 Dungeon Crawl Stone Soup version 0.28.0-53-g5a82cb258f (webtiles) character file.

Game seed: 12191203295791781809

1380 Lennethare the Insei (level 8, -4/48 HPs)
             Began as an Octopode Transmuter on June 25, 2022.
             Slain by a sky beast (6 damage)
             ... on level 5 of the Dungeon.
             The game lasted 00:15:51 (7366 turns).

Lennethare the Insei (Octopode Transmuter)          Turns: 7366, Time: 00:15:51

Health: -4/48      AC:  2    Str: 15    XL:     8   Next: 66%
Magic:  11/11      EV: 19    Int: 18    God:
Gold:   216        SH:  0    Dex: 17    Spells: 2/11 levels left

rFire   . . .      SeeInvis .     - Unarmed
rCold   . . .      Faith    .   (shield currently unavailable)
rNeg    . . .      Spirit   .   (helmet currently unavailable)
rPois   x          Reflect  .   (no amulet)
rElec   .          Harm     .   k - +6 ring of strength
rCorr   .          Rampage  .   (no ring)
Will    .....                   (no ring)
Stlth   ++........              (no ring)
HPRegen 0.16/turn               (no ring)
MPRegen 0.12/turn               (no ring)
                                (no ring)
                                (no ring)

@: about to teleport, spider-form (expiring)
A: venomous fangs, almost no armour, (amphibious), 8 rings, tiny, (camouflage
1), (gelatinous body 1), (nimble swimmer 1), (tentacles), wild magic 1
a: End Transformation


You were on level 5 of the Dungeon.
You were a venomous arachnid creature.
You visited 2 branches of the dungeon, and saw 7 of its levels.

You collected 244 gold pieces.
You spent 28 gold pieces at shops.

Inventory:

Armour
 h - +0 steam dragon scales
Jewellery
 k - a +6 ring of strength (left front leg)
Wands
 d - a wand of flame (24)
 g - a wand of paralysis (7)
 m - a wand of polymorph (3)
Scrolls
 a - 2 scrolls of enchant weapon {unknown}
 b - 3 scrolls of identify
 c - 2 scrolls of magic mapping {unknown}
 e - 4 scrolls of teleportation
 i - a scroll of fog {unknown}
 l - 3 scrolls of immolation {unknown}
 o - a scroll of amnesia {unknown}
 q - a scroll of blinking {unknown}
Potions
 f - a potion of lignification
 j - a potion of brilliance
 n - a potion of degeneration {unknown}
 p - a potion of haste {unknown}


   Skills:
 - Level 1.0 Fighting
 - Level 2.0 Dodging
 + Level 6.5 Unarmed Combat
 - Level 2.0 Spellcasting
 + Level 5.7 Transmutations
 * Level 5.2 Ice Magic
 - Level 4.2 Poison Magic


You had 2 spell levels left.
You knew the following spells:

 Your Spells              Type           Power      Damage    Failure   Level
a - Beastly Appendage     Tmut           58%        N/A       12%         1
b - Spider Form           Tmut/Pois      25%        N/A       26%         3
c - Sting                 Tmut/Pois      100%       1d8       13%         1
d - Ice Form              Ice/Tmut       28%        N/A       47%         4

Your spell library contained the following spells:

 Spells                   Type           Power      Damage    Failure   Level
 Wereblood                Tmut           29%        N/A       14%         2
 Poisonous Vapours        Pois/Air       24%        N/A       36%         2
 Olgreb's Toxic Radiance  Pois           22%        N/A       63%         4
 Confusing Touch          Hex            2%         N/A       77%         3
 Gell's Gravitas          Tloc           2%         N/A       77%         3
 Lesser Beckoning         Tloc           2%         N/A       77%         3
 Teleport Other           Tloc           2%         N/A       77%         3
 Yara's Violent Unravell  Hex/Tmut       7%         3d5       96%         5
 Animate Dead             Necr           1%         N/A       98%         4
 Enfeeble                 Hex            1%         N/A       100%        7
 Haunt                    Necr/Summ      1%         N/A       100%        7
 Infestation              Necr           1%         N/A       100%        8


Dungeon Overview and Level Annotations

Branches:
Dungeon (6/15)             Temple (1/1) D:5

Altars:
Ashenzari
Dithmenos
Elyvilon
Hepliaklqana
Kikubaaqudgha
Makhleb
Nemelex Xobeh
Okawaru
Qazlal
Ru
Sif Muna
Trog
Uskayaw
Vehumet
Wu Jian
Xom
Yredelemnul
Zin
The Shining One

Shops:
D:2 ?


Innate Abilities, Weirdness & Mutations

You are a venomous arachnid creature.
You have poisonous fangs.
You are tiny and dextrous.
Your spellcasting is less reliable in this form.
Your armour is entirely melded.
You are incapable of wielding weapons or throwing items.
You cannot wear most types of armour.
((You are amphibious.))
You can wear up to eight rings at the same time.
((Your skin changes colour to match your surroundings (Stealth+).))
((Your rubbery body absorbs attacks. (AC +1, EV +1)))
((You are camouflaged when in or above water. (Stealth+)))
((You have tentacles for arms and can constrict up to eight enemies at once.))
Your spells are a little harder to cast, but a little more powerful.


Message History

Items here: )) [[ †.
There is a stone staircase leading up here.
A sky beast comes into view.
Things that are here:
+0 steam dragon scales; a steam dragon corpse The sky beast flickers out of sight!
Deactivating autopickup; reactivate with Ctrl-A.
Things that are here:
+0 steam dragon scales; a steam dragon corpse h - +0 steam dragon scales A water moccasin comes into view.
There is a stone staircase leading up here.
Something hits you.
* * * LOW HITPOINT WARNING * * *
Something shocks you.
* * * LOW HITPOINT WARNING * * *
You climb upwards.
Reactivating autopickup.
There is a stone staircase leading down here.
There is a stone staircase leading up here.
A sky beast appears from thin air!
You bite the sky beast!
The sky beast is moderately wounded.
The sky beast flickers out of sight!
Deactivating autopickup; reactivate with Ctrl-A.
Something hits you.
* * * LOW HITPOINT WARNING * * *
Something shocks you.
* * * LOW HITPOINT WARNING * * *
A sky beast appears from thin air!
Reactivating autopickup.
Your transformation is almost over.
The sky beast flickers out of sight!
Deactivating autopickup; reactivate with Ctrl-A.
As you read the scroll labelled WIANNI TIMITE, it crumbles to dust.
You feel strangely unstable.
It was a scroll of teleportation.
Something hits you.
* * * LOW HITPOINT WARNING * * *
Something shocks you.
You die...

###....<[####.#####...#.###>..###
####....).##..# #.#.#.#...### #
##...####.#..## #.#.#)##### ##
...### #...## #.#.#.# #. .###
##..# #.#...# #. ####### #..#####
#)##### #. #.....#
##......###.#...# #. ......#
#..####..##.#.#.# #. ......# #.##
##s##.#.#.# ####. ......###.#
#.##.#.#.# #.... #.....#...#
#..#!..#.# #.### #.....#.###
##.#####.# ##.# # #.......#
#.#...#.# ##..### #.....###
#.#.#.#.###..#... #.....#
#.#.#.#.#.>.#..## #.....#
#.#.#.#.#.#...### ....#.#
#.#.#...#...#####


There were no monsters in sight!

Vanquished Creatures
  Grinder (D:4)
  2 steam dragons
  An ice beast (D:5)
  2 ogres
  A centaur (D:5)
  A scorpion (D:5)
  A water moccasin skeleton (D:4)
  A hound (D:5)
  A jelly (D:4)
  An orc priest (D:3)
  2 bullfrog skeletons
  Natasha (thrice) (D:2)
  3 orc wizards
  A hound skeleton (D:5)
  Robin (D:2)
  9 adders
  3 worms
  2 dart slugs
  6 orcs
  6 endoplasms
  5 giant cockroaches
  12 goblins
  9 hobgoblins
  5 quokkas
  6 ball pythons
  7 bats
  4 frilled lizards
  7 kobolds
  4 rats
107 creatures vanquished.

Notes
Turn   | Place    | Note
-------+----------+-------------------------------------------
     0 | D:1      | Lennethare the Octopode Transmuter began the quest for the
                  | Orb.
     0 | D:1      | Reached XP level 1. HP: 13/13 MP: 3/3
   414 | D:1      | Reached XP level 2. HP: 18/18 MP: 3/5
   856 | D:1      | Reached XP level 3. HP: 20/23 MP: 4/6
   860 | D:1      | Learned a level 3 spell: Spider Form
   920 | D:1      | Found a faded altar of an unknown god.
  1010 | D:1      | Learned a level 1 spell: Sting
  1347 | D:2      | Reached skill level 1 in Poison Magic
  2038 | D:2      | Found Fugotics's Magic Scroll Shop.
  2044 | D:2      | Noticed Robin
  2127 | D:2      | Reached XP level 4. HP: 28/28 MP: 7/7
  2508 | D:2      | Noticed Natasha
  2515 | D:2      | Killed Natasha
  2698 | D:2      | Noticed Natasha
  2705 | D:2      | Killed Natasha
  2706 | D:2      | Reached XP level 5. HP: 11/33 MP: 6/8
  2832 | D:2      | Noticed Natasha
  2844 | D:2      | Killed Natasha
  2912 | D:2      | Killed Robin
  2913 | D:2      | Reached skill level 4 in Unarmed Combat
  3026 | D:2      | Bought a scroll of identify for 28 gold pieces
  4144 | D:3      | Reached XP level 6. HP: 17/38 MP: 3/9
  4688 | D:4      | Reached skill level 5 in Unarmed Combat
  4823 | D:4      | Learned a level 4 spell: Ice Form
  4874 | D:4      | Found a bloodstained altar of Trog.
  4874 | D:4      | Found a sacrificial altar of Ru.
  4907 | D:4      | Found a shimmering altar of Xom.
  4910 | D:4      | Found a burning altar of Makhleb.
  4910 | D:4      | Found a shadowy altar of Dithmenos.
  4915 | D:4      | Found a hide-covered altar of Uskayaw.
  4919 | D:4      | Found an iron altar of Okawaru.
  4933 | D:4      | Reached skill level 1 in Ice Magic
  5701 | D:4      | Gained mutation: Your spells are a little harder to cast,
                  | but a little more powerful. [potion of mutation]
  5734 | D:4      | Noticed Grinder
  5745 | D:4      | Killed Grinder
  5746 | D:4      | Reached XP level 7. HP: 43/43 MP: 6/10
  5942 | D:5      | Entered Level 5 of the Dungeon
  6406 | D:5      | Reached skill level 6 in Unarmed Combat
  6406 | D:5      | Reached skill level 5 in Transmutations
  6406 | D:5      | Reached XP level 8. HP: 14/48 MP: 11/11
  6733 | D:5      | Found a staircase to the Ecumenical Temple.
  6743 | Temple   | Entered the Ecumenical Temple
  7325 | D:6      | Reached skill level 5 in Ice Magic
  7366 | D:5      | HP: 2/48 [something (3)]
  7366 | D:5      | Slain by a sky beast

Illustrated notes

Levels and vault maps discovered:
D:1:      dpeg_arrival_rooms_with_view, layout_rooms,
          ebering_ecumenical_altar_mist
D:2:      layout_loops_ring, serial_shops, shop_statue,
          kennysheep_generic_room_15, uniq_robin, uniq_natasha
D:3:      layout_loops_corners
D:4:      layout_basic, nicolae_overflow_hallway_of_the_gods,
          grunt_ministairs_5, wad_rectangle_vault, uniq_grinder
D:5:      layout_rooms, minmay_temple_entry_overgrown, dk_noncrumbling_2,
          roderic_serpentine_path
D:6:      layout_rooms, minmay_strange_pillars, uniq_pikel, uniq_maggie
Temple:   minmay_temple_bridge_abc

Skill      XL: |  1  2  3  4  5  6  7  8 |
---------------+-------------------------+-----
Transmutations | 3 4 5 |  5.7
Poison Magic   | 2 3 4 |  4.2
Unarmed Combat | 4 5 6 |  6.5
Ice Magic      | 2 3 5 |  5.2
Fighting       | |  1.0
Dodging        | |  2.0
Spellcasting   | |  2.0

Action                   |  1- 3 |  4- 6 |  7- 9 || total
-------------------------+-------+-------+-------++-------
Melee: Unarmed           |    92 |   106 |    72 ||   270
       Tentacles         |    19 |    21 |     5 ||    45
       Kick              |    11 |    11 |       ||    22
       Constrict         |    23 |    23 |     3 ||    49
       Punch             |     2 |     1 |     1 ||     4
 Cast: Beastly Appendage |    15 |    11 |     1 ||    27
       Sting             |     3 |    24 |     7 ||    34
       Spider Form       |       |     5 |     6 ||    11
  Use: Scroll            |       |     4 |     1 ||     5
       Potion            |       |     1 |     1 ||     2
 Stab: Sleeping          |     2 |     5 |     1 ||     8
Armor: Skin              |     5 |     4 |     4 ||    13
Dodge: Dodged            |    52 |    51 |    52 ||   155
